 Dungeon Crawl Stone Soup version 0.28.0-45-g0d030f2227 (webtiles) character file.

Game seed: 15660064892790075860

50 Icepheonix32 the Skirmisher (level 3, 0/29 HPs)
             Began as a Demonspawn Fighter on Apr 8, 2022.
             Frozen to death by an endoplasm (4 damage)
             ... on level 3 of the Dungeon.
             The game lasted 00:02:05 (1990 turns).

Icepheonix32 the Skirmisher (Demonspawn Fighter)    Turns: 1990, Time: 00:02:06

Health: 0/29       AC: 10    Str: 18    XL:     3   Next: 55%
Magic:  3/3        EV:  9    Int:  9    God:
Gold:   61         SH:  4    Dex: 12    Spells: 2/2 levels left

rFire   . . .      SeeInvis .   a - +0 long sword
rCold   . . .      Faith    .   c - +0 buckler
rNeg    . . .      Spirit   .   b - +0 scale mail
rPois   .          Reflect  .   (no helmet)
rElec   .          Harm     .   k - +0 cloak
rCorr   .          Rampage  .   (no gloves)
Will    .....                   (no boots)
Stlth   ..........              i - amulet of regeneration
HPRegen 0.89/turn               (no ring)
MPRegen 0.08/turn               (no ring)

@: mighty
A: slimy green scales 1, powered by death 1
a: no special abilities


You were on level 3 of the Dungeon.
You visited 1 branch of the dungeon, and saw 3 of its levels.

You collected 61 gold pieces.

Inventory:

Hand Weapons
 a - a +0 long sword (weapon)
Armour
 b - a +0 scale mail (worn)
 c - a +0 buckler (worn)
 k - a +0 cloak (worn)
 l - a +0 chain mail
Jewellery
 i - an amulet of regeneration (around neck)
Scrolls
 f - 3 scrolls of identify {unknown}
 g - a scroll of acquirement {unknown}
Potions
 d - a potion of might
 e - a potion of resistance {unknown}
 h - a potion of curing {unknown}
 j - a potion of haste {unknown}


   Skills:
 + Level 3.3 Fighting
 * Level 2.4 Long Blades
 + Level 3.2 Armour
 + Level 0.7 Dodging
 * Level 2.9 Shields


You had 2 spell levels left.
You didn't know any spells.
Your spell library contained the following spells:

 Spells                   Type           Power      Damage    Failure   Level
 Ensorcelled Hibernation  Hex/Ice        0%         N/A       94%         2
 Passwall                 Tmut/Erth      0%         N/A       94%         2
 Swiftness                Air            0%         N/A       99%         3


Dungeon Overview and Level Annotations

Branches:
Dungeon (3/15)

Altars:

Shops:
D:1 [


Innate Abilities, Weirdness & Mutations

You are partially covered in slimy green scales. (AC +2)
You regenerate a little health from kills.


Message History

The endoplasm barely misses you. The hobgoblin hits you.
The hobgoblin barely misses you. The endoplasm freezes you.
You are frozen.
You hit the endoplasm.
The endoplasm is lightly wounded.
The hobgoblin hits you but does no damage.
You block the hobgoblin's attack. The endoplasm freezes you.
You are frozen.
The hobgoblin hits you but does no damage.
The endoplasm freezes you.
You are frozen.
The hobgoblin hits you.
You slash the hobgoblin!
You kill the hobgoblin!
The endoplasm freezes you.
You are frozen.
The endoplasm freezes you.
You are frozen.
* * * LOW HITPOINT WARNING * * *
The hobgoblin hits you.
* * * LOW HITPOINT WARNING * * *
The endoplasm freezes you.
You are frozen.
* * * LOW HITPOINT WARNING * * *
You feel very mighty all of a sudden.
The hobgoblin hits you but does no damage.
The endoplasm barely misses you.
The hobgoblin hits you but does no damage.
The endoplasm closely misses you.
Unknown command.
You slash the endoplasm!
You kill the endoplasm!
The hobgoblin hits you but does no damage.
The endoplasm barely misses you.
The hobgoblin hits you but does no damage.
The hobgoblin barely misses you. The endoplasm freezes you.
You are frozen.
You die...

#>....).##
+........#
#..#####.# #.
#.# # #.# .(
.#..###.###.J..
...............
###..##J###....
## #@g.....##
#†g.....#
..........!
.............
.........###...
.........# ...
.........# ..
.........#


You could see an endoplasm and 2 hobgoblins.

Vanquished Creatures
  2 dart slugs
  4 orcs (D:3)
  2 bats
  6 endoplasms
  A giant cockroach (D:3)
  3 goblins
  5 hobgoblins
  4 quokkas
  2 ball pythons (D:1)
  3 frilled lizards
  2 kobolds
  5 rats
39 creatures vanquished.

Notes
Turn   | Place    | Note
-------+----------+-------------------------------------------
     0 | D:1      | Icepheonix32 the Demonspawn Fighter began the quest for the
                  | Orb.
     0 | D:1      | Reached XP level 1. HP: 18/18 MP: 1/1
   323 | D:1      | Gained mutation: You regenerate a little health from kills.
                  | [demonic ancestry]
   323 | D:1      | Reached XP level 2. HP: 24/24 MP: 2/2
   332 | D:1      | Found Toggal's Antique Armour Emporium.
  1142 | D:2      | Gained mutation: You are partially covered in slimy green
                  | scales. (AC +2) [demonic ancestry]
  1142 | D:2      | Reached XP level 3. HP: 29/29 MP: 3/3
  1990 | D:3      | Frozen to death by an endoplasm

Illustrated notes

Levels and vault maps discovered:
D:1:      tarquinn_simple_flora_water_d, layout_loops_cross, serial_shops,
          nicolae_shop_temple_entry_statues_fountains, minmay_misc_feat_enclosed
D:2:      layout_basic, serial_forest, infiniplex_forest_straight_4,
          infiniplex_forest_corner_2, infiniplex_forest_lined_2,
          infiniplex_forest_corner_1, infiniplex_forest_fountain,
          infiniplex_forest_straight_3, roderic_roman_lattice
D:3:      minmay_wonky_spiral, layout_basic,
          nicolae_uskayaw_murder_on_the_dancefloor,
          shapermc_ecumenical_altar_ellora, hangedman_glass_garden,
          minmay_misc_feat_diagonals

Skill      XL: |  1  2 |
---------------+-------+-----
Armour         | 3 |  3.2
Long Blades    | 2 |  2.4
Fighting       | |  3.3
Dodging        | |  0.7
Shields        | |  2.9

Action                   || total
-------------------------++-------
Melee: Long sword        ||    96
  Use: Potion            ||     1
Armor: Scale mail        ||    50
Dodge: Dodged            ||    39
Block: Buckler           ||    16
